[Event "Titled Tuesday Blitz July 18 Early 2023"]
[White "Goswami, Vedant"]
[Black "Mohamed Anees M"]
[WhiteFideId "5003725"]
[BlackFideId "35065815"]
[WhiteElo "2405"]
[BlackElo "2608"]
[Result "0-1"]
[Round "6"]
[TimeControl "180+2"]
[Date "2023.07.18"]
[WhiteClock "0:00:03"]
[BlackClock "0:00:42"]
[Board "116"]

1. d4 d5 2. c4 e6 3. g3 Nf6 4. Bg2 dxc4 5. Nf3 a6 6. O-O c6 7. Qc2 b5 8. Rd1 Bb7 9. b3 cxb3 10. axb3 Nbd7 11. e4 Be7 12. Bf4 O-O 13. Nc3 Rc8 14. Ne5 Qb6 15. Rac1 Rfd8 16. Qb2 c5 17. d5 exd5 18. Nxd5 Nxd5 19. exd5 Bf6 20. Qe2 Nxe5 21. Bxe5 Bxe5 22. Qxe5 Qd6 23. Qc3 h6 24. h3 c4 25. b4 Qf6 26. Rd4 Rd6 27. Rcd1 Rcd8 28. Qd2 Qg5 29. Qc3 R6d7 30. h4 Qe5 31. Qd2 Re7 32. Kh2 Qe2 33. d6 Qxd2 34. R1xd2 Red7 35. Bh3 c3 36. Bxd7 cxd2 37. Bg4 Bc8 38. Bxc8 Rxc8 39. Rxd2 Kf8 40. Re2 Rd8 41. Rd2 Ke8 42. h5 Kd7 43. Kh3 Rc8 44. Rd3 Rc4 45. Rf3 f6 46. Rd3 Rxb4 47. Ra3 Ra4 48. Rc3 Rc4 49. Re3 Kxd6 50. Re8 Rc7 51. Ra8 Kc5 52. Rxa6 b4 53. Ra8 b3 54. Rb8 Kc4 55. Kg4 Kc3 56. Kf5 b2 57. Kg6 Kc2 58. f4 b1=Q 59. Rxb1 Kxb1 60. g4 Kc2 61. g5 fxg5 62. fxg5 hxg5 63. Kxg5 Kd3 0-1


[Site "https://www.chess.com"]

[Event "Titled Tuesday Blitz July 18 Early 2023"]
[White "luksona14"]
[Black "Vlassov, Nikolai"]
[BlackFideId "4103360"]
[WhiteElo "2403"]
[BlackElo "2578"]
[Result "1-0"]
[Round "6"]
[TimeControl "180+2"]
[Date "2023.07.18"]
[WhiteClock "0:00:13"]
[BlackClock "0:00:00"]
[Board "117"]

1. Nf3 c5 2. c4 g6 3. Nc3 Bg7 4. e3 Nf6 5. Be2 O-O 6. O-O d5 7. cxd5 Nxd5 8. Nxd5 Qxd5 9. Qc2 Nc6 10. a3 Rd8 11. d3 Bg4 12. Rd1 Rac8 13. h3 Be6 14. Bd2 b5 15. Bc3 a5 16. Bxg7 Kxg7 17. Rac1 Qb3 18. Qxb3 Bxb3 19. Rd2 Na7 20. Bd1 Bd5 21. a4 b4 22. Ne5 f6 23. Nc4 Nc6 24. f4 Rb8 25. b3 Rb7 26. Kf2 Ra7 27. Bf3 Bxf3 28. Kxf3 Rad7 29. Nb2 Rd5 30. Rdc2 Kf7 31. Rxc5 Nb8 32. Rxd5 Rxd5 33. e4 Rd7 34. Rc5 Ra7 35. Nc4 Nd7 36. Rxa5 Rc7 37. d4 e5 38. fxe5 fxe5 39. Nxe5+ Nxe5+ 40. Rxe5 Rc3+ 41. Kf4 Rxb3 42. Rb5 Rb2 43. Ke5 g5 44. g4 Rb3 45. d5 Rxh3 46. Rxb4 h5 47. gxh5 g4 48. Rb7+ Kf8 49. Kf6 Ke8 50. Ke6 Kd8 51. Rg7 Rxh5 52. Rxg4 Rh6+ 53. Ke5 Ra6 54. d6 Rxa4 55. Ke6 Kc8 56. d7+ Kc7 57. Rg8 Rxe4+ 58. Kd5 1-0


[Site "https://www.chess.com"]

[Event "Titled Tuesday Blitz July 18 Early 2023"]
[White "Hoffmann, Asa"]
[Black "Fonseca Manrique, Enrique"]
[WhiteFideId "2001470"]
[BlackFideId "5114330"]
[WhiteElo "2398"]
[BlackElo "2573"]
[Result "0-1"]
[Round "6"]
[TimeControl "180+2"]
[Date "2023.07.18"]
[WhiteClock "0:00:10"]
[BlackClock "0:00:22"]
[Board "119"]

1. d4 Nf6 2. Bg5 c5 3. d5 Qb6 4. Nc3 g6 5. Qd2 Bg7 6. Rb1 O-O 7. e4 d6 8. Bh6 e6 9. h4 exd5 10. exd5 Re8+ 11. Be2 Bxh6 12. Qxh6 Ng4 13. Qf4 h5 14. Nh3 Nd7 15. O-O Nde5 16. Rfe1 Qd8 17. f3 Nf6 18. Ng5 a6 19. a4 Kg7 20. Bf1 Bf5 21. Re2 Qb6 22. b3 c4+ 23. Kh2 Rac8 24. b4 a5 25. b5 Qc5 26. Rd1 Re7 27. Nce4 Bxe4 28. Nxe4 Nxe4 29. fxe4 Ng4+ 30. Kg3 Rce8 31. c3 Re5 32. Rd4 R8e7 33. Red2 Qc8 34. Be2 Qe8 35. Bxg4 hxg4 36. Qxg4 Rxe4 37. Rxe4 Rxe4 38. Qd1 Qe5+ 39. Kf2 Qxc3 40. Kg1 Qe3+ 41. Rf2 Rf4 42. Qf1 c3 0-1


[Site "https://www.chess.com"]

[Event "Titled Tuesday Blitz July 18 Early 2023"]
[White "Romero Ruscalleda, Josep"]
[Black "Shishkov, Andrei"]
[WhiteFideId "2231859"]
[BlackFideId "4500563"]
[WhiteElo "2396"]
[BlackElo "2572"]
[Result "0-1"]
[Round "6"]
[TimeControl "180+2"]
[Date "2023.07.18"]
[WhiteClock "0:00:50"]
[BlackClock "0:00:19"]
[Board "120"]

1. e4 d5 2. exd5 Nf6 3. Nf3 Nxd5 4. Nc3 Bg4 5. Be2 e6 6. O-O Be7 7. Ne4 Nf4 8. d3 Nxe2+ 9. Qxe2 Nc6 10. Be3 O-O 11. h3 Bh5 12. a3 Ne5 13. g4 Nxf3+ 14. Qxf3 Bg6 15. Nd2 c6 16. Nc4 Qd5 17. Qxd5 cxd5 18. Ne5 Bf6 19. Nd7 Rfc8 20. Nxf6+ gxf6 21. f4 Rxc2 22. f5 exf5 23. gxf5 Bh5 24. Bd4 Re8 25. Rae1 Ree2 26. Rxe2 Bxe2 27. Rf2 Bxd3 28. Rxc2 Bxc2 29. Bxa7 Bxf5 30. Bd4 Bxh3 31. Bxf6 h5 32. Kf2 Kh7 33. Ke3 Kg6 34. Be7 Kf5 35. b4 Bf1 36. a4 Ke5 37. Bc5 h4 38. Bd4+ Kf5 39. Kf2 Bd3 40. b5 Ke4 41. Bf6 h3 42. Kg3 Bf1 43. a5 Bxb5 44. Kxh3 d4 45. Kg2 Ke3 46. Bg5+ Ke2 47. Kg3 d3 48. Bc1 d2 49. Bxd2 Kxd2 50. Kf4 Kc3 51. Ke5 Kb4 52. a6 bxa6 53. Kf6 Bc4 54. Ke5 a5 55. Kd4 a4 0-1


[Site "https://www.chess.com"]

[Event "Titled Tuesday Blitz July 18 Early 2023"]
[White "The_Sherman_Variation"]
[Black "Rian, Kapriaga"]
[BlackFideId "7103263"]
[WhiteElo "2565"]
[BlackElo "2387"]
[Result "0-1"]
[Round "6"]
[TimeControl "180+2"]
[Date "2023.07.18"]
[WhiteClock "0:00:07"]
[BlackClock "0:00:02"]
[Board "121"]

1. d4 Nf6 2. c4 e6 3. Nc3 d5 4. g3 Bb4 5. Bg2 O-O 6. Nf3 b6 7. O-O Bb7 8. Re1 Nbd7 9. Qc2 a6 10. Bg5 h6 11. Bf4 Rc8 12. Ne5 Ne4 13. f3 Nxc3 14. bxc3 Bd6 15. cxd5 exd5 16. Rab1 Nxe5 17. Bxe5 Bxe5 18. dxe5 Qe7 19. f4 Rfd8 20. Kh1 Qc5 21. h4 Ba8 22. e3 d4 23. exd4 Rxd4 24. e6 fxe6 25. Rbd1 Bxg2+ 26. Qxg2 Rxd1 27. Rxd1 Qxc3 28. Qe4 Re8 29. Kh2 Qb2+ 30. Kh3 Qb5 31. g4 h5 32. Rg1 hxg4+ 33. Rxg4 Qf5 34. Qd4 e5 35. Qc4+ Kh8 36. Qxc7 Qf6 37. Qd7 Rd8 38. Qb7 exf4 39. Kg2 f3+ 40. Qxf3 Rd2+ 41. Kg3 Qxf3+ 42. Kxf3 Rxa2 43. Rg6 Rb2 44. Rc6 a5 45. Kf4 a4 46. Kf5 a3 47. Rc8+ Kh7 48. h5 a2 49. Ra8 b5 50. Ke4 b4 51. h6 b3 52. hxg7 Kxg7 53. Ra7+ Kg6 54. Ra6+ Kg5 55. Ra5+ Kg4 56. Ra8 Rb1 57. Rg8+ Kh5 58. Kf5 Rf1+ 59. Ke4 a1=Q 60. Kd3 Qd1+ 61. Kc4 Qc2+ 62. Kb4 Rf4+ 63. Ka3 Qc5+ 64. Kb2 Rf2+ 65. Kb1 Qc2+ 66. Ka1 Qa2# 0-1


[Site "https://www.chess.com"]

[Event "Titled Tuesday Blitz July 18 Early 2023"]
[White "Chor, Kevin"]
[Black "Jegorovas, Aleksandras"]
[WhiteFideId "2090740"]
[BlackFideId "12801950"]
[WhiteElo "2555"]
[BlackElo "2384"]
[Result "1-0"]
[Round "6"]
[TimeControl "180+2"]
[Date "2023.07.18"]
[WhiteClock "0:00:02"]
[BlackClock "0:00:02"]
[Board "122"]

1. e4 e6 2. d4 d5 3. Nd2 Be7 4. e5 c5 5. Qg4 Kf8 6. dxc5 Nd7 7. Ngf3 Nh6 8. Qf4 Nf5 9. h4 Nxc5 10. Bd3 Nxd3+ 11. cxd3 h5 12. g3 Bd7 13. a4 Rc8 14. O-O Qb6 15. b3 Bb4 16. Ba3 a5 17. Bxb4+ Qxb4 18. d4 f6 19. Rac1 Kf7 20. exf6 gxf6 21. Rc7 Rxc7 22. Qxc7 Ke7 23. Re1 Rc8 24. Qf4 Kf7 25. Kg2 Rc3 26. Qb8 Qd6 27. Qh8 Ng7 28. Qh7 Be8 29. Re2 Qc7 30. Nf1 Rc1 31. Ne3 Qc3 32. Qh8 Qxb3 33. Qh7 Qb1 34. Qh6 Rh1 35. Nd2 Qg1+ 36. Kf3 Bxa4 37. Ndf1 Bb5 38. Rd2 Bxf1 39. Rc2 Bg2+ 40. Ke2 Be4 41. Rc7+ Ke8 42. Qh8# 1-0


[Site "https://www.chess.com"]

[Event "Titled Tuesday Blitz July 18 Early 2023"]
[White "Ganiev, Roman"]
[Black "Duarte, Leonardo"]
[WhiteFideId "4131452"]
[BlackFideId "110582"]
[WhiteElo "2553"]
[BlackElo "2384"]
[Result "1-0"]
[Round "6"]
[TimeControl "180+2"]
[Date "2023.07.18"]
[WhiteClock "0:00:07"]
[BlackClock "0:00:00"]
[Board "123"]

1. e4 e5 2. d4 exd4 3. Qxd4 Nc6 4. Qe3 b6 5. Bc4 Bc5 6. Qe2 Bb7 7. Nf3 Nge7 8. Nc3 Ng6 9. Be3 Nge5 10. Bxc5 bxc5 11. Nxe5 Nxe5 12. f4 Nxc4 13. Qxc4 Qh4+ 14. g3 Qe7 15. O-O-O d6 16. Rhe1 O-O 17. e5 dxe5 18. Rxe5 Qf6 19. Qxc5 Bf3 20. Rd3 Bg4 21. Rg5 Be6 22. Qe5 Qh6 23. h4 Bc4 24. Rh5 Qc6 25. Rd4 Ba6 26. Qc5 Qh1+ 27. Rd1 Qg2 28. Rg5 h6 29. Rgd5 Qxg3 30. Qg1 Qxf4+ 31. Kb1 Rab8 32. R5d4 Qe5 33. b3 g6 34. Nd5 h5 35. R4d2 Qg7 36. Qg5 f6 37. Qg3 c6 38. Nc3 Rbe8 39. Na4 Bb5 40. Nc5 f5 41. Qg5 Qf6 42. Nd7 Qxg5 43. hxg5 Rf7 44. Nf6+ Rxf6 45. gxf6 Kf7 46. Rg2 Kxf6 47. Rd6+ Ke5 48. Rdxg6 f4 49. R6g5+ Ke4 50. Rxh5 f3 51. Rf2 Ke3 52. Rhh2 Rg8 53. c4 Ba6 54. Rc2 c5 55. Rc3+ Kf4 56. Rf2 Bb7 57. Kc2 1-0


[Site "https://www.chess.com"]

[Event "Titled Tuesday Blitz July 18 Early 2023"]
[White "Rodriguez Santiago, Jaime"]
[Black "Gavrilov, Maxim"]
[WhiteFideId "3100898"]
[BlackFideId "24271454"]
[WhiteElo "2383"]
[BlackElo "2548"]
[Result "0-1"]
[Round "6"]
[TimeControl "180+2"]
[Date "2023.07.18"]
[WhiteClock "0:00:02"]
[BlackClock "0:00:13"]
[Board "124"]

1. c4 Nf6 2. d4 e6 3. Nc3 Bb4 4. e3 b6 5. Ne2 Bb7 6. a3 Be7 7. Ng3 O-O 8. Bd3 c5 9. O-O cxd4 10. exd4 d5 11. f4 Nbd7 12. f5 e5 13. cxd5 exd4 14. Nce2 Nxd5 15. Nf4 Nc5 16. Ngh5 Bf6 17. Nxf6+ Nxf6 18. Bc4 Rc8 19. Ba2 d3 20. Bd2 Qd4+ 21. Kh1 Nce4 22. Bc3 Nxc3 23. bxc3 Rxc3 24. Nh5 Rc2 25. Rg1 Nxh5 26. Qxh5 Qe4 27. Qg5 h6 28. Qg3 Qxf5 29. Bb1 Rd2 30. Qe3 Qg5 31. Qh3 Re8 32. Bxd3 Re3 33. Rae1 Rdxd3 34. Rxe3 Rxe3 0-1


[Site "https://www.chess.com"]

[Event "Titled Tuesday Blitz July 18 Early 2023"]
[White "Girya, Olga"]
[Black "Omariev, Maksim"]
[WhiteFideId "4195752"]
[BlackFideId "4193423"]
[WhiteElo "2525"]
[BlackElo "2376"]
[Result "1-0"]
[Round "6"]
[TimeControl "180+2"]
[Date "2023.07.18"]
[WhiteClock "0:00:08"]
[BlackClock "0:00:00"]
[Board "125"]

1. d4 h5 2. Nf3 h4 3. h3 e6 4. e4 d5 5. e5 c5 6. c4 dxc4 7. Bxc4 Nc6 8. d5 exd5 9. Bxd5 Nge7 10. Nc3 Nxd5 11. Qxd5 Be6 12. Qxd8+ Rxd8 13. Bg5 Be7 14. Bxe7 Kxe7 15. O-O Rh5 16. Rfe1 b6 17. Re4 Nd4 18. Nxh4 g5 19. Nf3 Nxf3+ 20. gxf3 Rxh3 21. Kg2 Rdh8 22. Rg1 Rh2+ 23. Kf1 Rh1 24. Rxh1 Rxh1+ 25. Kg2 Rc1 26. Re2 a6 27. Rd2 b5 28. a3 b4 29. axb4 cxb4 30. Ne4 g4 31. fxg4 Bxg4 32. Rd6 a5 33. Ra6 Ra1 34. Nc5 Be2 35. Ra7+ Ke8 36. Nb3 Ra2 37. Rxa5 Rxb2 38. Nd4 1-0


[Site "https://www.chess.com"]

[Event "Titled Tuesday Blitz July 18 Early 2023"]
[White "Sreyas Payyappat"]
[Black "Davidson, Kevin"]
[WhiteFideId "46674969"]
[BlackFideId "2056810"]
[WhiteElo "2517"]
[BlackElo "2373"]
[Result "1-0"]
[Round "6"]
[TimeControl "180+2"]
[Date "2023.07.18"]
[WhiteClock "0:00:46"]
[BlackClock "0:00:00"]
[Board "126"]

1. e4 c5 2. Nf3 d6 3. d4 cxd4 4. Nxd4 Nf6 5. Nc3 a6 6. h4 e5 7. Nb3 Be6 8. f4 exf4 9. Bxf4 Nc6 10. Qd2 Be7 11. O-O-O Ne5 12. Be2 Qc7 13. Qe3 b5 14. Rhg1 b4 15. Nd5 Bxd5 16. exd5 O-O 17. Rd2 a5 18. Rgd1 a4 19. Bxe5 axb3 20. Qxb3 Ne4 21. Rd4 Nc5 22. Qc4 dxe5 23. d6 Bxd6 24. Rxd6 Rfc8 25. Kb1 Qa5 26. Bg4 1-0


[Site "https://www.chess.com"]

[Event "Titled Tuesday Blitz July 18 Early 2023"]
[White "Vyatkin, Dmitry"]
[Black "Senft, Sean"]
[WhiteFideId "4171900"]
[BlackFideId "2044960"]
[WhiteElo "2511"]
[BlackElo "2366"]
[Result "1-0"]
[Round "6"]
[TimeControl "180+2"]
[Date "2023.07.18"]
[WhiteClock "0:01:02"]
[BlackClock "0:00:00"]
[Board "127"]

1. d4 d5 2. c4 c6 3. Nf3 Nf6 4. g3 e6 5. Bg2 dxc4 6. O-O Be7 7. Ne5 Nbd7 8. Nxc4 O-O 9. Nc3 Nb6 10. Ne5 c5 11. dxc5 Bxc5 12. Nd3 Be7 13. e4 Bd7 14. e5 Nfd5 15. Nxd5 Nxd5 16. Nf4 Bc6 17. Nxd5 Bxd5 18. Bxd5 exd5 19. Be3 Qd7 20. Qd4 b6 21. Rfd1 Rfd8 22. Rac1 Bc5 23. Qd3 Bxe3 24. Qxe3 d4 25. Qe4 Qd5 26. Qxd5 Rxd5 27. f4 f6 28. exf6 gxf6 29. Rc7 Re8 30. Kf2 d3 31. Rd2 Ra5 32. Rxd3 Rxa2 33. Rd2 a5 34. Rb7 a4 35. Rxb6 a3 36. Rb3 axb2 37. Rdxb2 Rxb2+ 38. Rxb2 Kg7 39. f5 Re5 40. g4 h5 41. h3 Kh6 42. Kf3 Kg5 43. Rb8 Kh4 44. Rh8 1-0


[Site "https://www.chess.com"]

[Event "Titled Tuesday Blitz July 18 Early 2023"]
[White "Gulamali, Kazim"]
[Black "Wernberg, Hugo"]
[WhiteFideId "2024764"]
[BlackFideId "1737511"]
[WhiteElo "2510"]
[BlackElo "2366"]
[Result "1-0"]
[Round "6"]
[TimeControl "180+2"]
[Date "2023.07.18"]
[WhiteClock "0:00:31"]
[BlackClock "0:00:01"]
[Board "128"]

1. e4 e5 2. Nf3 Nc6 3. Bb5 a6 4. Ba4 Nf6 5. Qe2 b5 6. Bb3 Be7 7. O-O O-O 8. c3 d5 9. d3 dxe4 10. dxe4 Bg4 11. h3 Bh5 12. Rd1 Bd6 13. Nbd2 Qe7 14. Nf1 Rfd8 15. Ng3 Bg6 16. Nh4 Bc5 17. Bg5 Rxd1+ 18. Rxd1 Rd8 19. Nhf5 Qf8 20. Bxf6 gxf6 21. Bd5 Ne7 22. Nxe7+ Qxe7 23. b4 Bb6 24. h4 h6 25. h5 Bh7 26. a4 Qd7 27. a5 Ba7 28. Bb3 Qe7 29. Qg4+ Kf8 30. Rd5 c6 31. Rd1 Rxd1+ 32. Qxd1 Ke8 33. Qd2 Qf8 34. c4 Bb8 35. c5 Bc7 36. f3 Qg7 37. Kf2 Qg5 38. Qxg5 hxg5 39. Nf1 Kf8 40. Ne3 Ke7 41. g4 Kf8 42. Bd5 cxd5 43. Nxd5 Bd8 44. c6 Ke8 45. c7 Kd7 46. cxd8=Q+ Kxd8 47. Nxf6 1-0


[Site "https://www.chess.com"]

[Event "Titled Tuesday Blitz July 18 Early 2023"]
[White "ArtemDyachuk"]
[Black "K2JW"]
[WhiteElo "2509"]
[BlackElo "2363"]
[Result "1-0"]
[Round "6"]
[TimeControl "180+2"]
[Date "2023.07.18"]
[WhiteClock "0:01:47"]
[BlackClock "0:00:19"]
[Board "129"]

1. e4 c6 2. d4 d5 3. e5 Bf5 4. Nf3 e6 5. Be2 c5 6. Be3 cxd4 7. Nxd4 Bg6 8. O-O Ne7 9. c4 Nbc6 10. Nxc6 bxc6 11. Nc3 Nf5 12. cxd5 Nxe3 13. Qa4 Nxd5 14. Qxc6+ Ke7 15. Qb7+ Nc7 16. Nb5 Rb8 17. Qxa7 Qd7 18. Qxb8 1-0


[Site "https://www.chess.com"]

[Event "Titled Tuesday Blitz July 18 Early 2023"]
[White "Alahakoon, Isuru"]
[Black "Horak, Martin"]
[WhiteFideId "9900993"]
[BlackFideId "367095"]
[WhiteElo "2360"]
[BlackElo "2509"]
[Result "1-0"]
[Round "6"]
[TimeControl "180+2"]
[Date "2023.07.18"]
[WhiteClock "0:01:14"]
[BlackClock "0:00:41"]
[Board "130"]

1. Nf3 Nf6 2. d4 e6 3. Nc3 c5 4. d5 d6 5. dxe6 Bxe6 6. e4 Nc6 7. Ng5 Be7 8. Nxe6 fxe6 9. Bc4 Nd4 10. Be3 d5 11. Bxd4 dxc4 12. Be3 Qxd1+ 13. Rxd1 Rd8 14. Ke2 Kf7 15. f3 a6 16. a4 Rxd1 17. Rxd1 Rc8 18. e5 Ne8 19. Ne4 Rc7 20. Bg5 h6 21. Be3 b5 22. axb5 axb5 23. Ra1 Rb7 24. Bxc5 Nc7 25. Bxe7 Kxe7 26. Nd6 Rb6 1-0


[Site "https://www.chess.com"]

[Event "Titled Tuesday Blitz July 18 Early 2023"]
[White "Yeritsyan, Hayk"]
[Black "Nithyalakshmi, Sivanesan"]
[WhiteFideId "13307320"]
[BlackFideId "5706955"]
[WhiteElo "2508"]
[BlackElo "2358"]
[Result "1-0"]
[Round "6"]
[TimeControl "180+2"]
[Date "2023.07.18"]
[WhiteClock "0:00:35"]
[BlackClock "0:00:00"]
[Board "131"]

1. d4 Nf6 2. Nf3 c5 3. e3 Nc6 4. Bd3 d5 5. c3 cxd4 6. exd4 Bg4 7. Bf4 Qd7 8. Nbd2 e6 9. O-O Bd6 10. Bxd6 Qxd6 11. Qe1 O-O 12. Ne5 Bh5 13. f4 Ne7 14. Ndf3 Bxf3 15. Rxf3 Ng6 16. g4 Nd7 17. Rh3 f5 18. gxf5 exf5 19. Qg3 Ndxe5 20. fxe5 Qe6 21. Rf1 f4 22. Bxg6 fxg3 23. Bxh7+ Kh8 24. Bf5+ Qh6 25. Rxh6+ gxh6 26. hxg3 Rf7 27. g4 Raf8 28. Rf2 Kg7 29. Rh2 b6 30. Kg2 b5 31. Kg3 a5 32. Kf4 b4 33. cxb4 axb4 34. Rc2 Ra7 35. Rc5 Rxa2 36. Rxd5 Rxb2 37. Rd7+ Kg8 38. e6 Rf2+ 39. Ke5 b3 40. e7 Re8 41. Be6+ Kg7 42. Bxb3 Re2+ 43. Kd6 Kf6 44. Rd8 R8xe7 45. Rf8+ Kg7 46. Rf5 Re8 47. Ba4 Rd8+ 48. Bd7 Rd2 49. d5 Kg6 50. Ke7 Ra8 51. d6 Re2+ 52. Be6 Ra3 53. d7 Ra7 54. Rf6+ Kg7 55. Rf7+ Kg6 56. Rf8 Ra6 57. Rf6+ Kg7 58. d8=Q Ra7+ 59. Ke8 1-0


[Site "https://www.chess.com"]

[Event "Titled Tuesday Blitz July 18 Early 2023"]
[White "Sovetbekova, Nurai"]
[Black "Andreev, Konstantin"]
[WhiteFideId "13801910"]
[BlackFideId "24239305"]
[WhiteElo "2359"]
[BlackElo "2508"]
[Result "1-0"]
[Round "6"]
[TimeControl "180+2"]
[Date "2023.07.18"]
[WhiteClock "0:00:08"]
[BlackClock "0:00:05"]
[Board "132"]

1. d4 Nf6 2. c4 e6 3. Nc3 Bb4 4. a3 Bxc3+ 5. bxc3 c5 6. f3 Nc6 7. e3 O-O 8. Bd3 b6 9. Ne2 Ba6 10. O-O Na5 11. e4 Ne8 12. Bf4 d6 13. Qa4 Rc8 14. Rac1 Rc7 15. Bg3 Qc8 16. d5 Qd7 17. Qc2 Bxc4 18. dxe6 fxe6 19. Rcd1 Bxd3 20. Qxd3 Rc6 21. c4 Nb7 22. Nc3 Nc7 23. e5 Rd8 24. exd6 Nxd6 25. Nb5 Nce8 26. Rfe1 Qe7 27. Nc3 Nb7 28. Qe4 Rxd1 29. Rxd1 Rc8 30. Nd5 Qf7 31. Nf4 Nc7 32. Re1 Re8 33. Nd3 Nd8 34. Ne5 Qe7 35. Bh4 Qd6 36. Bg3 Qd4+ 37. Qxd4 cxd4 38. Rd1 Nf7 39. Nxf7 Kxf7 40. Bxc7 Rc8 41. Be5 Rxc4 42. Bxd4 Ra4 43. Bb2 b5 44. Rd7+ Kf8 45. Rxg7 b4 46. axb4 Rxb4 47. Bf6 Rf4 48. Be5 Rf5 49. Bd4 e5 50. Rxa7 exd4 51. Rd7 Rf4 52. Kf2 Kg8 53. Kg3 Rf6 54. Rxd4 Rg6+ 55. Rg4 1-0


[Site "https://www.chess.com"]

[Event "Titled Tuesday Blitz July 18 Early 2023"]
[White "Gutkin, Ilya"]
[Black "Berezin, Viktor"]
[WhiteFideId "16203470"]
[BlackFideId "14107872"]
[WhiteElo "2350"]
[BlackElo "2502"]
[Result "1-0"]
[Round "6"]
[TimeControl "180+2"]
[Date "2023.07.18"]
[WhiteClock "0:00:10"]
[BlackClock "0:00:11"]
[Board "133"]

1. e4 c6 2. Nf3 d5 3. Nc3 Bg4 4. h3 Bxf3 5. Qxf3 Nf6 6. exd5 cxd5 7. d4 Nc6 8. Bb5 e6 9. Be3 a6 10. Bd3 h6 11. O-O Be7 12. Ne2 Nb4 13. Nc1 Nxd3 14. Nxd3 Rc8 15. c3 O-O 16. Rfe1 Ne4 17. Qe2 Bd6 18. Bf4 Qf6 19. Bxd6 Nxd6 20. Qe5 Qxe5 21. Nxe5 Rfd8 22. a4 f6 23. Nd3 Kf7 24. a5 Nc4 25. f4 Rd7 26. Nc5 Re7 27. Re2 e5 28. fxe5 fxe5 29. Rf1+ Kg8 30. b4 e4 31. Rf5 Rd8 32. g4 Na3 33. g5 Nb5 34. Re3 Rd6 35. gxh6 g6 36. Re5 Rf7 37. Ne6 Rf5 38. Ng5 Rdf6 39. Re8+ Rf8 40. h7+ Kh8 41. Rxf8+ Rxf8 42. c4 dxc4 43. Rxe4 c3 44. Re5 Nxd4 45. Rc5 c2 46. Kg2 Rf5 47. Rc8+ Kg7 48. h8=Q# 1-0


[Site "https://www.chess.com"]

[Event "Titled Tuesday Blitz July 18 Early 2023"]
[White "Mmukka"]
[Black "micke12a"]
[WhiteElo "2485"]
[BlackElo "2345"]
[Result "1-0"]
[Round "6"]
[TimeControl "180+2"]
[Date "2023.07.18"]
[WhiteClock "0:00:52"]
[BlackClock "0:00:03"]
[Board "134"]

1. e4 c5 2. Nf3 d6 3. d4 cxd4 4. Nxd4 Nf6 5. Nc3 g6 6. Be2 Bg7 7. O-O O-O 8. Bg5 Nc6 9. Nb3 Be6 10. Kh1 a5 11. a4 Rc8 12. f4 Qb6 13. f5 Bxb3 14. cxb3 Nb4 15. Bc4 Rc5 16. Be3 Qc7 17. Bxc5 Qxc5 18. fxg6 hxg6 19. Qf3 Nc2 20. Rac1 Ne3 21. Rfe1 Neg4 22. Rf1 Ne5 23. Qe2 Nfg4 24. Nd5 Bh6 25. Rc3 Qd4 26. Rh3 Bg5 27. Rg3 e6 28. Nc3 f5 29. Bxe6+ Kg7 30. exf5 Rh8 31. f6+ Bxf6 32. Bxg4 Nxg4 33. Qxg4 Qe5 34. Qxg6+ Kf8 1-0


[Site "https://www.chess.com"]

[Event "Titled Tuesday Blitz July 18 Early 2023"]
[White "Erzhanov, Arman"]
[Black "Llanos, Guillermo"]
[WhiteFideId "4138821"]
[BlackFideId "100358"]
[WhiteElo "2483"]
[BlackElo "2343"]
[Result "1-0"]
[Round "6"]
[TimeControl "180+2"]
[Date "2023.07.18"]
[WhiteClock "0:00:50"]
[BlackClock "0:00:00"]
[Board "135"]

1. e4 Nf6 2. Nc3 d5 3. e5 Nfd7 4. f4 d4 5. Ne4 f5 6. Ng5 Nc5 7. Bc4 e6 8. b4 Ne4 9. N1f3 Bxb4 10. Nxe6 Bxe6 11. Bxe6 g6 12. Rb1 Nc6 13. a3 Bc5 14. Rxb7 Bb6 15. Qe2 d3 16. Qxd3 Qxd3 17. cxd3 Nc5 18. Bd5 Kd7 19. Rxb6 cxb6 20. Bb2 Nxd3+ 21. Ke2 Nxb2 22. Rb1 Na4 23. Ke3 Nc5 24. d4 Nb7 25. Rc1 Rac8 26. Ng5 Rhe8 27. Nxh7 Nba5 28. Nf6+ Ke7 29. Nxe8 Kxe8 30. h3 Kd7 31. g4 Rh8 32. Bg2 fxg4 33. hxg4 Rh2 34. Rc2 Nc4+ 35. Kd3 Nxa3 36. Bxc6+ Kc7 37. Rxh2 Kxc6 38. f5 gxf5 39. gxf5 1-0


[Site "https://www.chess.com"]

[Event "Titled Tuesday Blitz July 18 Early 2023"]
[White "kuanysh1981"]
[Black "Alfaro, William"]
[BlackFideId "6100457"]
[WhiteElo "2480"]
[BlackElo "2339"]
[Result "1/2-1/2"]
[Round "6"]
[TimeControl "180+2"]
[Date "2023.07.18"]
[WhiteClock "0:01:46"]
[BlackClock "0:00:11"]
[Board "136"]

1. d4 Nf6 2. c4 c5 3. d5 e6 4. Nc3 exd5 5. cxd5 a6 6. a4 d6 7. e4 Be7 8. h3 O-O 9. Nf3 Nfd7 10. Bd3 Bf6 11. Bf4 Ne5 12. Nxe5 Bxe5 13. Bxe5 dxe5 14. O-O Nd7 15. a5 Nf6 16. Qd2 Ne8 17. Na4 Nd6 18. Nxc5 Re8 19. b4 f5 20. exf5 e4 21. Bc2 Bxf5 22. Rfe1 Rc8 23. Rac1 Qh4 24. Qe3 h6 25. Ba4 Red8 26. Ne6 Rxc1 27. Rxc1 Bxe6 28. dxe6 Nf5 29. Qb6 Rd2 30. Rf1 e3 31. fxe3 Rxg2+ 32. Kxg2 Qg3+ 33. Kh1 Qxh3+ 34. Kg1 Qg3+ 35. Kh1 Qh4+ 36. Kg1 Qg3+ 37. Kh1 Qh3+ 38. Kg1 Qg3+ 1/2-1/2


[Site "https://www.chess.com"]

[Event "Titled Tuesday Blitz July 18 Early 2023"]
[White "Taboas Rodriguez, Daniel"]
[Black "ExchangeAB"]
[WhiteFideId "2208466"]
[WhiteElo "2478"]
[BlackElo "2330"]
[Result "1-0"]
[Round "6"]
[TimeControl "180+2"]
[Date "2023.07.18"]
[WhiteClock "0:01:18"]
[BlackClock "0:00:43"]
[Board "137"]

1. d4 d5 2. Nf3 c6 3. c4 Nf6 4. cxd5 cxd5 5. Nc3 Nc6 6. Bf4 Bf5 7. e3 e6 8. Qb3 Bb4 9. Bb5 O-O 10. O-O Bd6 11. Bxd6 Qxd6 12. Rfc1 Na5 13. Qa4 b6 14. Ne5 Rac8 15. Ba6 Rc7 16. Nb5 Rxc1+ 17. Rxc1 Qb8 18. Qb4 Ng4 19. Qd6 Nxe5 20. dxe5 Nc4 21. Qxb8 Rxb8 22. Nxa7 Nxe5 23. Rc8+ Rxc8 24. Nxc8 Bd3 25. Bxd3 Nxd3 26. Nxb6 Nxb2 27. a4 Nc4 28. Nxc4 dxc4 29. Kf1 1-0


[Site "https://www.chess.com"]

[Event "Titled Tuesday Blitz July 18 Early 2023"]
[White "Liu, Casper"]
[Black "Okike, David"]
[WhiteFideId "1454153"]
[BlackFideId "8500134"]
[WhiteElo "2465"]
[BlackElo "2330"]
[Result "0-1"]
[Round "6"]
[TimeControl "180+2"]
[Date "2023.07.18"]
[WhiteClock "0:00:43"]
[BlackClock "0:00:31"]
[Board "138"]

1. e4 c5 2. d4 cxd4 3. Qxd4 Nc6 4. Qe3 Nf6 5. Nc3 d6 6. Bd2 Ng4 7. Qg3 Qb6 8. Nd5 Qxb2 9. Bc3 Qxc2 10. Bd3 Qxf2+ 11. Qxf2 Nxf2 12. Kxf2 Rb8 13. a4 e6 14. Nc7+ Kd7 15. Nb5 a6 16. Nd4 Ne5 17. Be2 Be7 18. Ngf3 Ng4+ 19. Kg3 h5 20. Rab1 b6 21. h3 Ne5 22. Nxe5+ dxe5 23. Nf3 f6 24. Rhd1+ Ke8 25. Nh4 Kf7 26. Bb4 Bxb4 27. Rxb4 g5 28. Nf3 Ke7 29. Rc4 Rd8 30. Rc7+ Rd7 31. Rdxd7+ Bxd7 32. Bxa6 Kd8 33. Ra7 Bxa4 34. Bc4 Bd7 35. Ba6 b5 36. Rb7 Rxb7 37. Bxb7 Kc7 38. Ba6 Kb6 39. Bxb5 Kxb5 40. Nd2 Kb4 41. Kf3 Kc3 42. Ke3 Bc6 43. Nf1 Bb5 44. Ng3 Be8 45. Nf1 Kc2 46. Nd2 Kd1 47. Nf3 Bb5 48. Kf2 Bd3 49. Ke3 Bf1 50. Kf2 Bb5 51. Ke3 Kc2 52. Ne1+ Kc3 53. Nf3 Bd3 54. Ne1 Bf1 55. Kf2 Ba6 56. Ke3 Kc4 57. Nf3 Kc5 58. Nd2 Kd6 59. Nf3 Ke7 60. Nd2 f5 61. Nf3 Kf6 62. Nd2 Bb7 63. g3 f4+ 64. gxf4 exf4+ 65. Kf2 g4 66. hxg4 hxg4 67. Ke2 Ba6+ 68. Kf2 Ke5 69. Kg2 Bd3 70. Kf2 Bxe4 71. Nc4+ Kd4 72. Na5 Bd5 73. Nb3+ Bxb3 0-1


[Site "https://www.chess.com"]